 Dungeon Crawl Stone Soup version 0.29-a0-823-gc37b1572da (webtiles) character file.

Game seed: 10292167867975258477

449 SkeletonJelly the Chopper (level 6, 0/51 HPs)
             Began as a Demonspawn Fighter on July 8, 2022.
             Slain by Grinder (9 damage)
             ... on level 5 of the Dungeon.
             The game lasted 00:06:08 (3705 turns).

SkeletonJelly the Chopper (Demonspawn Fighter)      Turns: 3705, Time: 00:06:09

Health: 0/51       AC:  8    Str: 19    XL:     6   Next: 74%
Magic:  6/6        EV: 13    Int:  9    God:
Gold:   219        SH:  4    Dex: 12    Spells: 5/5 levels left

rFire   . . .      SeeInvis .   r - +2 hand axe (elec)
rCold   . . .      Faith    .   c - +0 buckler
rNeg    . . .      Spirit   .   b - +0 scale mail
rPois   .          Reflect  .   (no helmet)
rElec   .          Harm     .   (no cloak)
rCorr   .          Rampage  .   (no gloves)
Will    .....                   (no boots)
Stlth   ..........              (no amulet)
HPRegen 0.17/turn               x - +4 ring of evasion
MPRegen 0.10/turn               (no ring)

@: mighty
A: icy blue scales 1, spiny 1
a: no special abilities


You were on level 5 of the Dungeon.
You visited 1 branch of the dungeon, and saw 5 of its levels.

You collected 219 gold pieces.

Inventory:

Hand Weapons
 a - a +0 war axe
 r - a +2 hand axe of electrocution (weapon)
Missiles
 s - 4 poisoned darts (quivered)
Armour
 b - a +0 scale mail (worn)
 c - a +0 buckler (worn)
Jewellery
 w - a ring of ice
 x - a +4 ring of evasion (left hand)
Wands
 q - a wand of roots (3)
Scrolls
 f - 2 scrolls of amnesia {unknown}
 g - 3 scrolls of identify {unknown}
 j - 2 scrolls of enchant weapon {unknown}
 l - a scroll of poison {unknown}
 m - 3 scrolls of enchant armour {unknown}
 n - a scroll of fear {unknown}
 o - 3 scrolls of teleportation {unknown}
 u - a scroll of blinking {unknown}
Potions
 e - 2 potions of flight
 h - 3 potions of mutation {unknown}
 i - a potion of ambrosia {unknown}
 k - a potion of cancellation {unknown}
 p - a potion of lignification {unknown}
 t - a potion of heal wounds {unknown}
 v - 2 potions of curing


   Skills:
 + Level 5.0 Fighting
 * Level 5.5 Axes
 - Level 2.6 Armour
 - Level 2.6 Shields


You had 5 spell levels left.
You didn't know any spells.
Your spell library contained the following spells:

 Spells                   Type           Power      Damage    Failure   Level
 Magic Dart               Conj           0%         1d3       86%         1
 Call Imp                 Summ           0%         N/A       94%         2
 Mephitic Cloud           Conj/Pois/Air  0%         N/A       99%         3


Dungeon Overview and Level Annotations

Branches:
Dungeon (5/15)
 Temple: D:4-7

Altars:
Nemelex Xobeh
Okawaru

Annotations:
D:3 2 transporters
D:5 Grinder


Innate Abilities, Weirdness & Mutations

You are partially covered in icy blue scales. (AC +2)
You are partially covered in sharp spines.


Message History

The scorpion is struck by your spines.
The scorpion stings you but does no damage.
You slash the scorpion!
You kill the scorpion!
You slash the jelly!
Your hands burn!
The jelly is heavily wounded.
The jelly is struck by your spines. The jelly hits you.
* * * LOW HITPOINT WARNING * * *
You are splashed with acid.
* * * LOW HITPOINT WARNING * * *
You take 10 damage, and have 10/50 hp.
You hit the jelly.
Your hands burn!
* * * LOW HITPOINT WARNING * * *
The jelly is almost dead.
The jelly is struck by your spines.
You kill the jelly!
Your Fighting skill increases to level 5!
You take 3 damage, and have 7/51 hp.
An orc priest comes into view. It is wielding a +0 club.
You regained 7 hp, and now have 14/51 hp.
An orc priest is nearby!
An orc priest is nearby!
An orc priest is nearby!
An orc priest is nearby!
There is a stone staircase leading up here.
You climb upwards.
There is a stone staircase leading down here.
HP restored.
Done exploring.
Health restored: 51 You climb downwards.
There is a stone staircase leading up here.
You open the door.
Grinder comes into view.
Grinder shouts!
Grinder is nearby!
Grinder is nearby!
Grinder is nearby!
You hit Grinder but do no damage. Grinder gestures at you.
You suddenly lose the ability to move!
Grinder hits you.
You writhe in agony.
Grinder hits you.
You can move again.
You take 14 damage, and have 37/51 hp.
MASSIVE DAMAGE!!
Unknown command.
Unknown command.
Unknown command.
Unknown command.
You closely miss Grinder. Grinder closely misses you.
You hit Grinder but do no damage. You block Grinder's attack.
Grinder blinks!
There is an open door here.
Found 13 gold pieces.
Grinder gestures at you. You resist with significant effort.
You block Grinder's attack.
You closely miss Grinder. Grinder is struck by your spines.
Grinder barely misses you.
You hit Grinder.
Grinder is lightly wounded.
You block Grinder's attack.
You closely miss Grinder.
Grinder is lightly wounded.
Grinder hits you.
You writhe in agony.
You take 5 damage, and have 33/51 hp.
You closely miss Grinder.
Grinder is lightly wounded.
Grinder hits you.
You take 2 damage, and have 31/51 hp.
You closely miss Grinder.
Grinder is lightly wounded.
Grinder gestures at you.
You barely resist. You barely miss Grinder.
Grinder is lightly wounded.
Grinder is struck by your spines. Grinder hits you!
You writhe in agony.
You take 12 damage, and have 19/51 hp.
MASSIVE DAMAGE!!
You are too injured to fight recklessly!
You are too injured to fight recklessly!
You are too injured to fight recklessly!
You are too injured to fight recklessly!
You are too injured to fight recklessly!
You closely miss Grinder.
Grinder is moderately wounded.
Grinder gestures at you. You resist with significant effort.
You hit Grinder.
Grinder is moderately wounded.
Grinder hits you.
You writhe in agony.
* * * LOW HITPOINT WARNING * * *
You take 7 damage, and have 12/51 hp.
You feel very mighty all of a sudden. Grinder is struck by your spines.
Grinder closely misses you.
You slash Grinder!
Grinder is severely wounded.
Grinder gestures at you. Pain shoots through your body!
* * * LOW HITPOINT WARNING * * *
Grinder hits you!
You die...

.# .##### ##.# .#
.....# ##...## .#
...#.# ##...$.##.#
.....# ##.......#.####
.....####.............
#...[...+...........
.....####........5#
#.#.## #......@# #.###
##.....## ...# ##...##
<..# ##'##
...##########.#
...##.........#
...##.######..##
.####.######...####.
.####.##............


You could see Grinder.

Vanquished Creatures
  A scorpion (D:5)
  A howler monkey (D:4)
  2 hounds (D:4)
  3 jellies
  An iguana (D:4)
  Jessica (D:2)
  5 adders
  A gnoll (D:1)
  2 ufetubi
  A worm (D:3)
  2 dart slugs (D:1)
  2 orcs
  8 ball pythons
  5 endoplasms
  A giant cockroach (D:1)
  5 goblins
  13 hobgoblins
  5 jackals
  A quokka (D:1)
  5 bats
  3 frilled lizards
  7 kobolds
  4 rats
79 creatures vanquished.

Notes
Turn   | Place    | Note
-------+----------+-------------------------------------------
     0 | D:1      | SkeletonJelly the Demonspawn Fighter began the quest for
                  | the Orb.
     0 | D:1      | Reached XP level 1. HP: 18/18 MP: 1/1
   331 | D:1      | Gained mutation: You are partially covered in icy blue
                  | scales. (AC +2) [demonic ancestry]
   331 | D:1      | Reached XP level 2. HP: 16/24 MP: 2/2
   826 | D:1      | Reached XP level 3. HP: 29/29 MP: 3/3
  1572 | D:2      | Noticed Jessica
  1581 | D:2      | Killed Jessica
  1582 | D:2      | Reached XP level 4. HP: 30/37 MP: 4/4
  1760 | D:2      | Found a faded altar of an unknown god.
  2149 | D:3      | Found an iron altar of Okawaru.
  2258 | D:3      | Found a transporter.
  2388 | D:3      | Found a transporter.
  2740 | D:4      | Gained mutation: You are partially covered in sharp spines.
                  | [demonic ancestry]
  2740 | D:4      | Reached XP level 5. HP: 39/42 MP: 5/5
  2833 | D:4      | Reached XP level 6. HP: 47/49 MP: 6/6
  2988 | D:4      | Reached skill level 5 in Axes
  3356 | D:5      | Entered Level 5 of the Dungeon
  3378 | D:5      | Found a sparkling altar of Nemelex Xobeh.
  3402 | D:5      | Reached skill level 5 in Fighting
  3686 | D:5      | Noticed Grinder
  3687 | D:5      | Paralysed by Grinder for 3 turns
  3705 | D:5      | Slain by Grinder

Illustrated notes

Levels and vault maps discovered:
D:1:      shiori_arrival_maze, layout_basic
D:2:      layout_basic, ebering_ecumenical_altar_hall, hex_tiny, uniq_jessica
D:3:      gammafunk_steamed_eel, layout_basic, okawaru_trees_2
D:4:      layout_basic
D:5:      layout_loops_corners, nicolae_overflow_crystal_walls,
          mainiacjoe_overflow_small_starburst, minmay_misc_feat_roman,
          chequers_mini_garden, uniq_crazy_yiuf_cottage, uniq_grinder,
          uniq_sigmund

Skill      XL: |  1  2  3  4  5  6 |
---------------+-------------------+-----
Axes           | 2 3 4 5 |  5.5
Fighting       | 4 5 |  5.0
Armour         | |  2.6
Shields        | |  2.6

Action                   |  1- 3 |  4- 6 || total
-------------------------+-------+-------++-------
Melee: War axe           |    88 |    62 ||   150
       Hand axe          |       |    57 ||    57
  Use: Potion            |     2 |     1 ||     3
Armor: Scale mail        |    62 |    42 ||   104
Dodge: Dodged            |    58 |    45 ||   103
Block: Buckler           |    27 |    41 ||    68

Table legend: (Time is in decaauts)
 A = Elapsed time spent in this place.
 B = Non-inter-level travel time spent in this place.
 C = Inter-level travel time spent in this place.
 D = Time resting spent in this place.
 E = Time spent auto-exploring this place.
 F = Levels seen in this place.
 G = Mean time per level.
                   A        B        C        D        E       F      G
               +--------+--------+--------+--------+--------+-----+--------+
         Total |   3768 |   3567 |    201 |      0 |   2998 |   5 |  753.6 |
       Dungeon |   3768 |   3567 |    201 |      0 |   2998 |   5 |  753.6 |
               +--------+--------+--------+--------+--------+-----+--------+

Top non-repeatable levels by time:
     D:1: 1198 daAuts
     D:2: 932 daAuts
     D:4: 843 daAuts
     D:3: 643 daAuts
     D:5: 150 daAuts
